 Dungeon Crawl Stone Soup version 0.30-a0-1116-gebefce21f7 (webtiles) character file.

Game seed: 15226018247259253305

11031 Arzdou the Geomancer (level 11, -5/62 HPs)
             Began as an Octopode Earth Elementalist on Apr 21, 2023.
             Was a Priest of Vehumet.
             Slain by a wolf (11 damage)
             ... on level 10 of the Dungeon.
             The game lasted 00:34:44 (13425 turns).

Arzdou the Geomancer (Octopode Earth Elementalist) Turns: 13425, Time: 00:34:45

Health: -5/62      AC:  2    Str:  7    XL:     11   Next: 71%
Magic:  25/32      EV: 13    Int: 28    God:    Vehumet [***...]
Gold:   749        SH:  0    Dex: 12    Spells: 1/26 levels left

rFire   . . .      SeeInvis +    c - staff of conjuration
rCold   + . .      Faith    .    (no shield)
rNeg    + . .      Spirit   .    f - +1 hat of Defence {Fly rC+ Int+5}
rPois   .          Reflect  .    n - amulet of regeneration
rElec   .          Rampage  .    u - ring of magical power
rCorr   .                        y - ring of willpower
Will    +....                    A - ring of positive energy
Stlth   +++++                    t - ring of see invisible
HPRegen 1.10/turn                (no ring)
MPRegen 0.23/turn                (no ring)
                                 (no ring)
                                 (no ring)

@: flying
A: almost no armour, amphibious, 8 rings, camouflage 1, gelatinous body 1,
(nimble swimmer 1), tentacles
a: Renounce Religion


You were on level 10 of the Dungeon.
You worshipped Vehumet.
Vehumet was most pleased with you.
You visited 2 branches of the dungeon, and saw 13 of its levels.

You collected 749 gold pieces.

Inventory:

Armour
 f - the +1 hat of Defence (worn) {Fly rC+ Int+5}
   (You acquired it on level 4 of the Dungeon)

   Int:       It affects your intelligence (+5).
   rC:        It protects you from cold.
   Fly:       It grants you flight.
Magical Staves
 c - a staff of conjuration (weapon)
Jewellery
 g - a ring of flight
 l - an amulet of guardian spirit
 n - an amulet of regeneration (around mantle)
 r - an amulet of the acrobat
 t - a ring of see invisible (on tentacle)
 u - a ring of magical power (left tentacle)
 y - a ring of willpower (right tentacle)
 A - a ring of positive energy (on tentacle)
Wands
 k - a wand of iceblast (36)
 s - a wand of flame (10)
 w - a wand of polymorph (2)
 D - a wand of paralysis (9)
 K - a wand of light (5)
Scrolls
 d - a scroll of blinking
 e - 2 scrolls of poison
 i - 4 scrolls of vulnerability
 m - 3 scrolls of fear
 p - 2 scrolls of amnesia
 z - a scroll of fog {unknown}
 B - 3 scrolls of teleportation
 E - 5 scrolls of identify
 G - a scroll of torment {unknown}
 I - a scroll of magic mapping
 L - a scroll of noise {unknown}
Potions
 a - 2 potions of magic
 b - 2 potions of mutation
 h - 12 potions of curing
 j - 3 potions of lignification
 o - 4 potions of brilliance
 q - 6 potions of might
 v - a potion of haste
 x - 3 potions of heal wounds {unknown}
 C - 3 potions of flight
 F - 2 potions of ambrosia {unknown}
 H - a potion of attraction {unknown}
 J - 3 potions of degeneration {unknown}


   Skills:
 + Level 0.8 Fighting
 + Level 2.7 Dodging
 * Level 9.7 Stealth
 + Level 8.3 Spellcasting
 + Level 4.8 Conjurations
 * Level 6.2 Summonings
 + Level 2.5 Transmutations
 * Level 3.8 Ice Magic
 * Level 11.4 Earth Magic
 + Level 0.1 Evocations


You had one spell level left.
You knew the following spells:

 Your Spells              Type           Power      Damage    Failure   Level
a - Sandblast             Erth           100%       2d20      1%          1
b - Summon Small Mammal   Summ           100%       N/A       1%          1
c - Passwall              Tmut/Erth      41%        N/A       1%          2
d - Petrify               Tmut/Erth      50%        N/A       2%          4
e - Stone Arrow           Conj/Erth      100%       3d13      1%          3
f - Freezing Cloud        Conj/Ice/Air   21%        6-21      11%         5
g - Summon Ice Beast      Ice/Summ       39%        N/A       6%          4
h - Lee's Rapid Deconstr  Erth           33%        3d17*     1%          5

Your spell library contained the following spells:

 Spells                   Type           Power      Damage    Failure   Level
 Inner Flame              Hex/Fire       11%        N/A       4%          3
 Magic Dart               Conj           100%       1d8       1%          1
 Apportation              Tloc           22%        N/A       4%          1
 Necrotise                Necr           44%        1d6       4%          1
 Searing Ray              Conj           100%       2d8       1%          2
 Dazzling Flash           Conj/Hex       74%        N/A       1%          3
 Ignite Poison            Fire/Tmut/Pois 16%        N/A       2%          3
 Ensorcelled Hibernation  Hex/Ice        44%        N/A       3%          2
 Volatile Blastmotes      Fire/Tloc      22%        2d11      4%          3
 Fulminant Prism          Conj/Hex       18%        3d10      4%          4
 Iskenderun's Mystic Bla  Conj/Tloc      37%        2d9       4%          4
 Iskenderun's Battlesphe  Conj           55%        2d11      5%          5
 Cigotuvi's Dreadful Rot  Necr/Pois/Air  22%        N/A       7%          2
 Spider Form              Tmut/Pois      18%        N/A       9%          3
 Fireball                 Conj/Fire      18%        3d9       13%         5
 Swiftness                Air            11%        N/A       14%         3
 Anguish                  Hex/Necr       5%         N/A       43%         4
 Dispel Undead            Necr           11%        3d9       43%         4
 Conjure Ball Lightning   Conj/Air       18%        3x3d6     54%         6
 Starburst                Conj/Fire      18%        6d7       54%         6
 Orb of Destruction       Conj           27%        9d9       77%         7
 Death Channel            Necr           5%         N/A       100%        6
 Enfeeble                 Hex            5%         N/A       100%        7
 Dragon's Call            Summ           23%        N/A       100%        9


Dungeon Overview and Level Annotations

Branches:
Dungeon (12/15)            Temple (0/1) D:6            Lair (1/5) D:10
    Orc: D:9-12

Altars:
Dithmenos
Fedhas
Kikubaaqudgha
Makhleb
Nemelex Xobeh
Okawaru
Qazlal
Ru
Sif Muna
Trog
Vehumet
Wu Jian
Xom
Yredelemnul
The Shining One

Shops:
D:1 ?   D:3 *

Annotations:
D:4 2 runed translucent doors, Rye's ghost, amateur HuRe


Innate Abilities, Weirdness & Mutations

You cannot wear most types of armour.
You are amphibious.
You can wear up to eight rings at the same time.
Your skin changes colour to match your surroundings (Stealth+).
Your rubbery body absorbs attacks. (AC +1, EV +1)
((You are camouflaged when in or above water. (Stealth+)))
You have tentacles for arms and can constrict up to eight enemies at once.


Message History

Done waiting.
You fly downwards.
Welcome back to the Lair of Beasts!
The wolf misses you. The wolf barely misses you. The wolf bites you.
The wolf completely misses you. The wolf misses you. The wolf bites you.
The wolf barely misses you.
There is a staircase back to the Dungeon, spattered with blood here.
The wolf bites you! The wolf bites you. The wolf barely misses you.
The wolf bites you. The wolf bites you!
You fly upwards.
Welcome back to the Dungeon!
There is a staircase to the Lair here.
Casting: Stone Arrow (safe; 1% risk of failure)
Confirm with . or Enter, or press ? or * to list all spells.
Aiming: Petrify (dangerous; 2% risk of failure)
Press: ? - help, Shift-Dir - straight line, f - wolf
Aim: a wolf (chance to affect: 71%)
The wolf is moving more slowly.
The wolf barely misses you. The wolf misses you. The wolf barely misses you. x2
Casting: Petrify (dangerous; 2% risk of failure)
Confirm with . or Enter, or press ? or * to list all spells.
Aiming: Lee's Rapid Deconstruction (dangerous; 1% risk of failure)
Press: ? - help, Dir - move target, f/p - wolf Fragment what (e.g. wall or brittle monster)?: a wolf (petrifying slowly) That beam is likely to hit you.
Continue anyway?
Okay, then.
Casting: Lee's Rapid Deconstruction (dangerous; 1% risk of failure)
Confirm with . or Enter, or press ? or * to list all spells.
Aiming: Stone Arrow (safe; 1% risk of failure)
Press: ? - help, Shift-Dir - straight line, f - wolf, p - wolf
Aim: a wolf (63% to hit)
You feel a surge of power!
The stone arrow hits the wolf!
The wolf is moderately wounded.
The wolf misses you. The wolf bites you! The wolf bites you.
The wolf closely misses you. The wolf bites you!
* * * LOW HITPOINT WARNING * * *
The wolf bites you!
* * * LOW HITPOINT WARNING * * *
Okay, then.
It was a potion of flight.
You feel more buoyant. The wolf bites you!
You die...

#.....#...#......# #.....##
#....÷#...#......#### #.....#
#.....#...#......P..### #.....#
#.....#...#.P...P.PP..## #.....#
......##'##....P.P.P.P.# #.....#
..............P........###.....#
...>......P....P...PP...##.....#
...........PP..####.P.P.##.....#
...............#@h#..P.........##
.........÷..P..#hh[...P..........
...........P.P.####...P.######.##
..###''##...P.........P......#.#.
..#.....#.#..P......P........#.#.
..#.....#.#...P...P..........'.#.
..#.....#Y#.P..P......+......#.+.
..#.....#Y#...P.[.....#......#.##
..#######Y#.......#...#......#..#


You could see 3 wolves.

Vanquished Creatures
  An ugly thing (D:11)
  A black mamba (D:10)
  2 gargoyles (D:11)
  A cane toad (Lair:1)
  An unseen horror (D:11)
  A komodo dragon (D:10)
  2 hornets
  2 trolls (D:8)
  A shadow (D:10)
  14 yaks
  A vampire (D:11)
  A wyvern (D:10)
  2 basilisks (Lair:1)
  Eustachio (D:4)
  4 steam dragons
  Menkaure (D:7)
  3 water moccasins
  3 acid dragons
  6 orc warriors
  A sky beast (D:6)
  2 black bears
  An ice beast (D:6)
  2 ogres
  3 wolves
  2 centaurs (D:9)
  3 kobold brigands
  3 phantoms
  4 bullfrogs
  Blork the orc (D:4)
  A scorpion (D:10)
  4 wights (D:8)
  5 electric eels
  3 howler monkeys
  6 orc priests
  4 hounds
  3 jellies (D:6)
  A sleepcap (D:6)
  5 iguanas
  8 orc wizards
  4 gnolls (D:7)
  2 howler monkey zombies (D:9)
  11 adders
  3 shadow imps
  An ufetubus (D:7)
  2 worms (D:2)
  2 dart slugs
  22 orcs
  3 bats (D:1)
  3 endoplasms
  5 giant cockroaches
  3 goblins
  5 hobgoblins
  6 jackals (D:2)
  22 kobolds
  4 quokkas
  6 ball pythons
  7 frilled lizards
  6 rats
227 creatures vanquished.

Vanquished Creatures (collateral kills)
  A shadow (D:11)
  An orc priest (D:9)
  A dart slug (D:1)
  A ball python (D:3)
4 creatures vanquished.

Vanquished Creatures (others)
  4 fungi
  13 plants
17 creatures vanquished.

Grand Total: 248 creatures vanquished

Notes
Turn   | Place    | Note
-------+----------+-------------------------------------------
     0 | D:1      | Arzdou the Octopode Earth Elementalist began the quest for
                  | the Orb.
     0 | D:1      | Reached XP level 1. HP: 11/11 MP: 3/3
    62 | D:1      | Learned a level 1 spell: Summon Small Mammal
   214 | D:1      | Reached XP level 2. HP: 17/17 MP: 3/5
   266 | D:1      | Found Kofola's Magic Scroll Boutique.
   523 | D:1      | Reached XP level 3. HP: 21/21 MP: 2/6
   606 | D:1      | Learned a level 2 spell: Passwall
   800 | D:2      | Reached XP level 4. HP: 27/27 MP: 4/8
  1742 | D:3      | Learned a level 4 spell: Petrify
  1790 | D:3      | Found an ornate altar of the Wu Jian Council.
  2028 | D:3      | Found a sacrificial altar of Ru.
  2159 | D:3      | Found a glowing golden altar of the Shining One.
  2243 | D:3      | Found Yggei's General Store.
  2314 | D:3      | Reached skill level 4 in Earth Magic
  2314 | D:3      | Reached XP level 5. HP: 31/31 MP: 8/10
  2479 | D:3      | Got Joofull's Compilation of the Legion and Silt
  2563 | D:4      | Found a radiant altar of Vehumet.
  2569 | D:4      | Became a worshipper of Vehumet
  2601 | D:4      | Identified a scroll of acquirement
  2601 | D:4      | Acquired the +1 hat of Defence {Fly rC+ Int+5}
  2734 | D:4      | Learned a level 3 spell: Stone Arrow
  2864 | D:4      | Found an ancient bone altar of Kikubaaqudgha.
  2865 | D:4      | Found a shimmering altar of Xom.
  2986 | D:4      | Noticed Blork the orc
  3041 | D:4      | Killed Blork the orc
  3042 | D:4      | Reached XP level 6. HP: 36/36 MP: 4/12
  3374 | D:4      | Noticed Eustachio
  3433 | D:4      | Killed Eustachio
  3434 | D:4      | Reached skill level 1 in Summonings
  3434 | D:4      | Reached skill level 5 in Earth Magic
  3540 | D:4      | Found a large runed translucent door.
  3540 | D:4      | Found a large runed translucent door.
  3541 | D:4      | Noticed Rye's ghost (amateur HuRe)
  3667 | D:5      | Entered Level 5 of the Dungeon
  3691 | D:5      | Reached XP level 7. HP: 41/41 MP: 6/13
  4100 | D:5      | Reached skill level 5 in Stealth
  4421 | D:5      | Found a shimmering blue altar of Sif Muna.
  4820 | D:6      | Reached skill level 5 in Spellcasting
  4820 | D:6      | Reached skill level 1 in Conjurations
  4820 | D:6      | Reached skill level 6 in Earth Magic
  4820 | D:6      | Reached XP level 8. HP: 14/46 MP: 15/15
  5266 | D:6      | Reached * piety under Vehumet
  5266 | D:6      | Offered knowledge of Kiss of Death by Vehumet.
  5458 | D:6      | Found a staircase to the Ecumenical Temple.
  5962 | D:6      | Reached skill level 7 in Earth Magic
  6218 | D:7      | Reached XP level 9. HP: 52/52 MP: 17/17
  6622 | D:7      | Found a sparkling altar of Nemelex Xobeh.
  6790 | D:7      | Offered knowledge of Poisonous Vapours by Vehumet.
  6792 | D:7      | Reached ** piety under Vehumet
  6799 | D:7      | Learned a level 5 spell: Freezing Cloud
  6804 | D:7      | Learned a level 4 spell: Summon Ice Beast
  6917 | D:7      | Noticed a hornet
  6976 | D:7      | Noticed Menkaure
  6979 | D:7      | Found a blossoming altar of Fedhas.
  6981 | D:7      | Killed Menkaure
  7347 | D:7      | Killed a hornet
  7348 | D:7      | Reached skill level 8 in Earth Magic
  7654 | D:8      | Found a bloodstained altar of Trog.
  7662 | D:8      | Noticed a troll
  7730 | D:8      | Killed a troll
  8064 | D:8      | Noticed a troll
  8077 | D:8      | Killed a troll
  8299 | D:8      | Reached XP level 10. HP: 49/57 MP: 20/20
  8641 | D:8      | Reached skill level 5 in Summonings
  8928 | D:9      | Reached skill level 9 in Earth Magic
  9385 | D:9      | Reached skill level 1 in Ice Magic
  9550 | D:9      | Found an iron altar of Okawaru.
  9905 | D:9      | Offered knowledge of Static Discharge by Vehumet.
 10034 | D:9      | Found a basalt altar of Yredelemnul.
 10128 | D:9      | Found a burning altar of Makhleb.
 10359 | D:9      | Reached skill level 10 in Earth Magic
 10517 | D:10     | Entered Level 10 of the Dungeon
 10920 | D:10     | Found a shadowy altar of Dithmenos.
 10938 | D:10     | Reached XP level 11. HP: 62/62 MP: 22/22
 11125 | D:10     | Found a stormy altar of Qazlal.
 11321 | D:10     | Found a staircase to the Lair.
 11431 | D:10     | Reached *** piety under Vehumet
 12139 | D:11     | Reached skill level 11 in Earth Magic
 12444 | D:11     | Noticed a green ugly thing
 12466 | D:11     | Killed a green ugly thing
 12510 | D:11     | Learned a level 5 spell: Lee's Rapid Deconstruction
 12547 | D:11     | Offered knowledge of Inner Flame by Vehumet.
 12735 | D:12     | Noticed a cyclops
 12799 | Lair:1   | Entered Level 1 of the Lair of Beasts
 13425 | D:10     | Slain by a wolf

Illustrated notes

Levels and vault maps discovered:
D:1:      wander_arrival_chamber, layout_rooms, serial_shops, shop,
          minmay_misc_feat_chi
D:2:      layout_rooms, lexackson_kobold_supper
D:3:      layout_basic, tso_oasis_becter, nicolae_ru_the_path_less_chosen,
          old_standard_altar, serial_shops,
          nicolae_shop_temple_entry_statues_fountains, minivault_27
D:4:      layout_basic, nicolae_vehumet_altar_sigil,
          gammafunk_temple_overflow_pools, ebering_ghost_disaster_area,
          uniq_eustachio, uniq_blork_the_orc
D:5:      cheibrodos_iron_armory, layout_basic, mainiacjoe_overflow_boulevard,
          serial_rivers, chequers_serial_rivers_micro_c,
          chequers_serial_rivers_small_a, chequers_serial_rivers_micro_c,
          chequers_serial_rivers_micro_a, chequers_serial_rivers_small_a,
          kennysheep_another_room, minivault_5
D:6:      layout_loops_corners, minmay_temple_entry_fiery,
          kennysheep_generic_room_8
D:7:      kennysheep_six_static_rooms, layout_cave_pods,
          nemelex_xobeh_ov_fountains_minmay, lemuel_tele_altar, uniq_menkaure
D:8:      layout_cave_pods, mainiacjoe_overflow_cross_hatched,
          nicolae_elevator_lobby_plus
D:9:      layout_long_grid, kennysheep_little_box, mainiacjoe_overflow_catwalk,
          lemuel_zombie_altar_yredelemnul
D:10:     layout_irregular_city, grunt_qazlal_sundering,
          mainiacjoe_overflow_alcove_2, grunt_lair_entry_orc_guard_hut,
          minivault_4, palyth_stone_intersect
D:11:     layout_roguey, billiards_dpeg
D:12:     layout_basic, orc_0_dummy, hangedman_decor_clover_reticule,
          nzn_sisyphean_effort
Lair:1:   layout_gridlike, disabler_island, grunt_megastairs_3

Skill      XL: |  1  2  3  4  5  6  7  8  9 10 11 |
---------------+----------------------------------+-----
Stealth        | 3 4 5 6 7 8 9 |  9.7
Spellcasting   | 3 4 5 6 7 8 |  8.3
Earth Magic    | 4 5 6 7 8 10 11 | 11.4
Summonings     | 1 2 3 4 5 6 |  6.2
Conjurations   | 1 2 3 4 |  4.8
Ice Magic      | 2 3 |  3.8
Transmutations | 2 |  2.5
Fighting       | |  0.8
Dodging        | |  2.7
Evocations     | |  0.1

Action                     |  1- 3 |  4- 6 |  7- 9 | 10-12 || total
---------------------------+-------+-------+-------+-------++-------
  Melee: Staff             |     1 |       |       |     2 ||     3
   Cast: Sandblast         |    29 |    65 |    30 |    26 ||   150
         Summon Small Mamm |     6 |    13 |     5 |     7 ||    31
         Stone Arrow       |       |     7 |    88 |   120 ||   215
         Petrify           |       |       |     4 |    20 ||    24
         Summon Ice Beast  |       |       |       |     4 ||     4
         Lee's Rapid Decon |       |       |       |    14 ||    14
         Freezing Cloud    |       |       |       |     1 ||     1
  Evoke: Wand              |       |       |       |     8 ||     8
    Use: Scroll            |       |    13 |     3 |     1 ||    17
         Potion            |       |       |       |     1 ||     1
 Armour: Skin              |       |     4 |     1 |       ||     5
  Dodge: Dodged            |     1 |    27 |    20 |    31 ||    79

Table legend: (Time is in decaauts)
 A = Elapsed time spent in this place.
 B = Non-inter-level travel time spent in this place.
 C = Inter-level travel time spent in this place.
 D = Time resting spent in this place.
 E = Time spent auto-exploring this place.
 F = Levels seen in this place.
 G = Mean time per level.
                   A        B        C        D        E       F      G
               +--------+--------+--------+--------+--------+-----+--------+
         Total |  13508 |  13023 |    485 |    929 |  10234 |  13 | 1039.1 |
       Dungeon |  13410 |  12926 |    484 |    929 |  10214 |  12 | 1117.5 |
          Lair |     97 |     97 |      0 |      0 |     20 |   1 |   97.0 |
               +--------+--------+--------+--------+--------+-----+--------+

Top non-repeatable levels by time:
    D:10: 1705 daAuts
     D:8: 1497 daAuts
     D:6: 1453 daAuts
     D:9: 1441 daAuts
     D:7: 1388 daAuts
     D:4: 1120 daAuts
     D:5: 1103 daAuts
    D:11: 1092 daAuts
     D:3: 980 daAuts
     D:2: 936 daAuts
     D:1: 677 daAuts
  Lair:1: 97 daAuts
    D:12: 14 daAuts
